 Dungeon Crawl Stone Soup version 0.30-a0-358-g0d69a1922f (webtiles) character file.

Game seed: 8068314798771735323

112 LnG the Caller (level 5, -3/28 HPs)
             Began as a Kobold Summoner on Nov 9, 2022.
             Was an Initiate of Dithmenos.
             Slain by Edmund
             ... wielding a +3 dire flail of pain
              (12 damage)
             ... on level 4 of the Dungeon.
             The game lasted 00:06:38 (2840 turns).

LnG the Caller (Kobold Summoner)                    Turns: 2840, Time: 00:06:39

Health: -3/28      AC:  7    Str:  6    XL:     5   Next: 16%
Magic:  6/9        EV: 15    Int: 24    God:    Dithmenos [......]
Gold:   50         SH:  0    Dex: 15    Spells: 0/9 levels left

rFire   . . .      SeeInvis .    r - +4 dagger "Orb Guardian's Foe" {vorpal, *Rage rPois rC- Will+++}
rCold   x . .      Faith    .    (no shield)
rNeg    . . .      Spirit   .    a - +0 robe
rPois   +          Reflect  .    (no helmet)
rElec   .          Harm     .    (no cloak)
rCorr   +          Rampage  .    g - +1 pair of gloves
Will    +++..      Rage     20%  j - +2 pair of boots
Stlth   ++++......               (no amulet)
HPRegen 0.24/turn                k - +6 ring of intelligence
MPRegen 0.11/turn                p - ring of resist corrosion

@: no status effects
A: small, no large weapons, nightstalker 3
a: Renounce Religion


You were on level 4 of the Dungeon.
You worshipped Dithmenos.
Dithmenos was noncommittal.
You visited 1 branch of the dungeon, and saw 4 of its levels.

You collected 190 gold pieces.
You spent 140 gold pieces at shops.

Inventory:

Hand Weapons
 d - a +0 short sword
 r - the +4 dagger "Orb Guardian's Foe" (weapon) {vorpal, *Rage rPois rC- Will+++}
   (You bought it in a shop on level 2 of the Dungeon)

   It inflicts extra damage upon your enemies.
   rC:        It makes you vulnerable to cold.
   rPois:     It protects you from poison.
   *Rage:     It berserks you when you make melee attacks (+20% chance).
   Will:      It greatly increases your willpower.
 u - a +1 short sword of freezing
Armour
 a - a +0 robe (worn)
 g - a +1 pair of gloves (worn)
 j - a +2 pair of boots (worn)
Jewellery
 k - a +6 ring of intelligence (left hand)
 m - an amulet of faith
 p - a ring of resist corrosion (right hand)
Scrolls
 e - a scroll of magic mapping {unknown}
 h - a scroll of teleportation
 i - 2 scrolls of immolation
 s - 2 scrolls of fog {unknown}
 t - 2 scrolls of enchant weapon {unknown}
Potions
 b - a potion of magic
 c - a potion of ambrosia {unknown}
 l - a potion of degeneration {unknown}
 n - 2 potions of heal wounds {unknown}
 o - a potion of berserk rage {unknown}
 q - a potion of mutation {unknown}
 v - a potion of haste {unknown}


   Skills:
 + Level 0.7 Fighting
 + Level 1.5 Short Blades
 * Level 3.4 Dodging
 * Level 4.2 Stealth
 + Level 2.8 Spellcasting
 + Level 4.5 Summonings


You couldn't memorise any spells.
You knew the following spells:

 Your Spells              Type           Power      Damage    Failure   Level
a - Summon Small Mammal   Summ           96%        N/A       1%          1
b - Call Imp              Summ           24%        N/A       2%          2
c - Call Canine Familiar  Summ           24%        N/A       5%          3
d - Summon Guardian Gole  Hex/Summ       14%        N/A       13%         3

Your spell library contained the following spells:

 Spells                   Type           Power      Damage    Failure   Level
 Foxfire                  Conj/Fire      12%        2x1d4     11%         1
 Summon Lightning Spire   Summ/Air       14%        N/A       41%         4
 Fireball                 Conj/Fire      1%         3d3       97%         5
 Starburst                Conj/Fire      1%         6d3       100%        6


Dungeon Overview and Level Annotations

Branches:
Dungeon (4/15)
 Temple: D:4-7

Altars:
Dithmenos
Hepliaklqana
Xom

Shops:
D:2 (

Annotations:
D:4 Edmund


Innate Abilities, Weirdness & Mutations

You are small and have problems with some larger weapons.
You are completely attuned to the shadows.


Message History

The kobold hits you with a +0 short sword.
You closely miss the kobold. The kobold hits you but does no damage.
You closely miss the kobold. The kobold closely misses you.
You hit the kobold. You freeze the kobold.
You kill the kobold!
Dithmenos accepts your kill.
No target in view!
Found a stone staircase leading up.
Done exploring.
There is a stone staircase leading down here.
You climb downwards.
Found an amethyst potion.
There is a stone staircase leading up here.
v - an amethyst potion
There is a stone staircase leading up here.
Found an escape hatch in the ceiling.
There is an escape hatch in the ceiling here.
Found a whip.
You see here a +0 whip.
Found 3 stones.
Edmund the Younger comes into view.
He is wielding a +3 dire flail of pain.
Found an iron wand.
The helpless Edmund fails to defend himself.
You puncture Edmund! You freeze Edmund.
Edmund is moderately wounded.
Your +1 short sword of freezing stops glowing.
r - the +4 dagger "Orb Guardian's Foe" (weapon)
{vorpal, *Rage rPois rC- Will+++} Edmund hits you with a +3 dire flail of pain!
You writhe in agony.
Casting: Call Imp (safe; 2% risk of failure)
Confirm with . or Enter, or press ? or * to list all spells.
The spell is quite dangerous to miscast (5% risk of failure)!
Continue anyway?
Edmund hits you with a +3 dire flail of pain!
* * * LOW HITPOINT WARNING * * *
It was a potion of curing.
You feel better.
Your hound barely misses Edmund.
Edmund hits you with a +3 dire flail of pain!
* * * LOW HITPOINT WARNING * * *
You feel better.
Your hound closely misses Edmund.
Edmund hits you with a +3 dire flail of pain!
You die...

#.# #.#
#)# #.#
.###.#####
.........#
.#.#####.#
#.
####.### #
#h@..../.
#@##...#.
#. ...(.#
.. ....#.
##. #.##


You could see Edmund (ally target) and a friendly hound (summoned).

Vanquished Creatures
  2 adders (D:3)
  3 worms
  3 orcs (D:3)
  3 endoplasms (D:2)
  2 giant cockroaches
  5 hobgoblins
  10 jackals
  5 kobolds
  2 quokkas (D:1)
  2 ball pythons
  7 bats
  A rat (D:1)
45 creatures vanquished.

Vanquished Creatures (collateral kills)
  An adder (D:2)
  An orc (D:3)
  An endoplasm (D:2)
  2 giant cockroaches (D:1)
  2 goblins
  3 hobgoblins
  2 ball pythons
  A bat (D:1)
  2 frilled lizards (D:1)
  3 kobolds
18 creatures vanquished.

Grand Total: 63 creatures vanquished

Notes
Turn   | Place    | Note
-------+----------+-------------------------------------------
     0 | D:1      | LnG the Kobold Summoner began the quest for the Orb.
     0 | D:1      | Reached XP level 1. HP: 10/10 MP: 3/3
   228 | D:1      | Reached XP level 2. HP: 6/15 MP: 1/5
   231 | D:1      | Learned a level 2 spell: Call Imp
   711 | D:1      | Reached XP level 3. HP: 19/19 MP: 6/6
   715 | D:1      | Learned a level 3 spell: Call Canine Familiar
  1003 | D:1      | Found a faded altar of an unknown god.
  1477 | D:2      | Reached skill level 1 in Short Blades
  1542 | D:2      | Found Oqan's Antique Weapon Emporium.
  1556 | D:2      | Reached XP level 4. HP: 24/24 MP: 8/8
  1928 | D:2      | Bought a dazzling dagger for 140 gold pieces
  1928 | D:2      | Identified the +4 dagger "Orb Guardian's Foe" {vorpal,
                  | *Rage rPois rC- Will+++} (You bought it in a shop on level
                  | 2 of the Dungeon)
  2134 | D:3      | Found a shadowy altar of Dithmenos.
  2138 | D:3      | Became a worshipper of Dithmenos the Shadowed
  2237 | D:3      | Found a hazy altar of Hepliaklqana.
  2247 | D:3      | Reached XP level 5. HP: 28/28 MP: 9/9
  2251 | D:3      | Learned a level 3 spell: Summon Guardian Golem
  2296 | D:3      | Found a shimmering altar of Xom.
  2833 | D:4      | Noticed Edmund
  2840 | D:4      | Slain by Edmund

Illustrated notes

Levels and vault maps discovered:
D:1:      minmay_arrival_shoal_huts, layout_loops_cross,
          dilly_ecumenical_altar_fadedgnrine
D:2:      layout_rooms, serial_shops, shop, hangedman_glass_teeth
D:3:      layout_basic, grunt_dithmenos_smoke_and_mirrors, lemuel_crystal_altar,
          xom_teletrap_fun
D:4:      layout_loops_cross, lemuel_crystal_altar,
          minmay_temple_entry_gardened_gates, gammafunk_ghost_grave,
          nicolae_concentric_dashed_squares_mild, uniq_edmund, uniq_sigmund

Skill      XL: |  1  2  3  4 |
---------------+-------------+-----
Stealth        | 3 4 |  4.2
Short Blades   | 1 |  1.5
Dodging        | 3 |  3.4
Fighting       | |  0.7
Spellcasting   | |  2.8
Summonings     | |  4.5

Action                   |  1- 3 |  4- 6 || total
-------------------------+-------+-------++-------
Melee: Unarmed           |    15 |       ||    15
       Punch             |     2 |     2 ||     4
       Short sword       |    96 |    55 ||   151
       Dagger            |       |    30 ||    30
 Cast: Summon Small Mamm |    14 |       ||    14
       Call Imp          |     6 |     2 ||     8
       Call Canine Famil |     1 |     4 ||     5
  Use: Scroll            |     2 |       ||     2
       Potion            |       |     2 ||     2
 Stab: Sleeping          |     8 |    14 ||    22
       Distracted        |     1 |       ||     1
Armor: Robe              |    27 |    23 ||    50
Dodge: Dodged            |   127 |    90 ||   217

Table legend: (Time is in decaauts)
 A = Elapsed time spent in this place.
 B = Non-inter-level travel time spent in this place.
 C = Inter-level travel time spent in this place.
 D = Time resting spent in this place.
 E = Time spent auto-exploring this place.
 F = Levels seen in this place.
 G = Mean time per level.
                   A        B        C        D        E       F      G
               +--------+--------+--------+--------+--------+-----+--------+
         Total |   2901 |   2700 |    201 |     83 |   2054 |   4 |  725.2 |
       Dungeon |   2901 |   2700 |    201 |     83 |   2054 |   4 |  725.2 |
               +--------+--------+--------+--------+--------+-----+--------+

Top non-repeatable levels by time:
     D:1: 1232 daAuts
     D:3: 867 daAuts
     D:2: 734 daAuts
     D:4: 67 daAuts
